 Dungeon Crawl Stone Soup version 0.23.2 (webtiles) character file.

Game seed: 3810990062626724287

99 JaketheDog the Shield-Bearer (level 4, -1/40 HPs)
             Began as a Minotaur Fighter on May 2, 2019.
             Was an Initiate of Makhleb.
             Killed from afar by Sigmund (8 damage)
             ... with a puff of flame
             ... on level 2 of the Dungeon on May 3, 2019.
             The game lasted 00:10:18 (1023 turns).

JaketheDog the Shield-Bearer (Minotaur Fighter)     Turns: 1023, Time: 00:10:18

Health: -1/40      AC:  7    Str: 21    XL:     4   Next: 45%
Magic:  3/3        EV:  8    Int:  5    God:    Makhleb [......]
Gold:   76         SH:  0    Dex: 10    Spells: 3/3 levels left

rFire    . . .     SeeInvis .   p - +3 short sword (speed)
rCold    . . .     Gourm    .   c - +0 shield
rNeg     . . .     Faith    .   b - +0 scale mail
rPois    .         Spirit   .   (helmet restricted)
rElec    .         Reflect  .   (no cloak)
rCorr    .         Harm     .   (no gloves)
MR       .....                  (no boots)
Stlth    ..........             (no amulet)
HPRegen  0.13/turn              (no ring)
MPRegen  0.08/turn              (no ring)

@: confused
A: retaliatory headbutt, horns 2
a: Renounce Religion


You were on level 2 of the Dungeon.
You worshipped Makhleb.
Makhleb was noncommittal.
You were hungry.

You visited 1 branch of the dungeon, and saw 2 of its levels.

You collected 76 gold pieces.

Inventory:

Hand Weapons
 a - a +0 flail
 p - a +3 short sword of speed (weapon)
Armour
 b - a +0 scale mail (worn)
 c - a +0 shield (worn)
Jewellery
 h - an uncursed amulet of the acrobat {unknown}
Scrolls
 g - 5 scrolls of identify {unknown}
 j - 2 scrolls of remove curse {unknown}
 m - a scroll of blinking {unknown}
 o - 2 scrolls of teleportation {unknown}
 q - a scroll of amnesia {unknown}
Potions
 d - a potion of might
 e - a potion of flight {unknown}
 i - 2 potions of lignification {unknown}
 k - a potion of agility {unknown}
 l - a potion of cancellation {unknown}
 n - 2 potions of mutation {unknown}
Comestibles
 f - 5 rations


   Skills:
 + Level 4.2 Fighting
 + Level 3.3 Maces & Flails
 + Level 4.4 Armour
 + Level 0.7 Dodging
 + Level 4.7 Shields


You had 3 spell levels left.
You didn't know any spells.
Your spell library was empty.

Dungeon Overview and Level Annotations

Branches:
Dungeon (2/15)

Altars:
Makhleb
Zin

Annotations:
D:2 Sigmund


Innate Abilities, Weirdness & Mutations

You reflexively headbutt those who attack you in melee.
You have a pair of horns on your head.


Message History

Sigmund the Dreaded comes into view.
He is wielding a +0 scythe.
Sigmund shouts!
Sigmund casts a spell.
Sigmund flickers and vanishes!
Deactivating autopickup; reactivate with Ctrl-A.
Something hits you.
There is an open door here.
You closely miss something. You closely miss something. Something hits you.
You miss something. You headbutt something. Something hits you!
You see here a dagger.
Something hits you. Something hits you!
* * * LOW HITPOINT WARNING * * *
You are confused.
You bump into the rock wall.
A puff of flame appears from out of thin air!
The puff of flame hits you!
You die...

##..#...#...# ######(#######
#...+...'...# #≈≈≈≈#.....#≈#
#...#...#..## ###≈≈≈≈#...#..≈≈
#.###._.#### #.+≈≈≈≈).....≈≈≈
#.# ##### #.#≈≈≈≈#....≈.≈≈ #.#
#A#### #.#≈≈≈≈#.....≈.≈ #.#
####.# #.######....≈≈≈≈
#.#######.#####...........≈≈≈≈
#...##.......@..).........≈≈≈.
####.#.#..#####.........#.≈≈≈≈
##...#.# #.#......##≈≈≈≈≈
##.##.# #.#.....###.≈≈≈≈
####.##.# #.######.#..≈.≈.
#.......# #.# ##...≈≈≈≈
#.#####.# #.# ##..≈≈≈≈ #.# #.#
#.# ##≈≈≈≈≈ #.# #.#####.#
#.≈≈≈≈


There were no monsters in sight!

Vanquished Creatures
  Jessica (D:2)
  2 adders (D:2)
  2 oozes
  A giant cockroach (D:1)
  10 goblins
  5 hobgoblins
  2 ball pythons
  7 bats
  3 frilled lizards
  8 kobolds
  3 rats (D:1)
44 creatures vanquished.

Notes
Turn   | Place    | Note
-------+----------+-------------------------------------------
     0 | D:1      | JaketheDog the Minotaur Fighter began the quest for the
                  | Orb.
     0 | D:1      | Reached XP level 1. HP: 19/19 MP: 0/0
   124 | D:1      | Reached XP level 2. HP: 27/27 MP: 1/1
   291 | D:1      | Reached XP level 3. HP: 33/33 MP: 2/2
   736 | D:2      | Noticed Jessica
   743 | D:2      | Killed Jessica
   743 | D:2      | Reached XP level 4. HP: 24/40 MP: 3/3
   831 | D:2      | Found a burning altar of Makhleb.
   832 | D:2      | Found a glowing silver altar of Zin.
   832 | D:2      | Noticed an angel
   833 | D:2      | Noticed a green death
   877 | D:2      | Became a worshipper of Makhleb the Destroyer
   998 | D:2      | Noticed Sigmund
  1023 | D:2      | Killed from afar by Sigmund

Skill      XL: |  1  2  3 |
---------------+----------+-----
Shields        | 4 |  4.7
Fighting       | 4 |  4.2
Armour         | 4 |  4.4
Maces & Flails | 3 |  3.3
Dodging        | |  0.7

Action                   |  1- 3 |  4- 6 || total
-------------------------+-------+-------++-------
Melee: Flail             |    87 |     4 ||    91
       Headbutt          |     5 |     4 ||     9
       Short sword       |       |    12 ||    12
Armor: Scale mail        |    44 |     3 ||    47
Dodge: Dodged            |    24 |     7 ||    31
Block: Shield            |    68 |     9 ||    77
